 Dungeon Crawl Stone Soup version 0.21-a0-404-g291f19a (webtiles) character file.

4956 kae the Geomancer (level 10, -25/50 HPs)
             Began as a Gargoyle Earth Elementalist on Oct 26, 2017.
             Was an Initiate of Vehumet.
             Killed from afar by kae's ghost (27 damage)
             ... with a stone arrow
             ... on level 9 of the Dungeon.
             The game lasted 00:10:38 (10639 turns).

kae the Geomancer (Gargoyle Earth Elementalist)    Turns: 10639, Time: 00:10:39

Health: -25/50     AC: 10    Str: 13    XL:     10   Next: 53%
Magic:  14/22      EV: 12    Int: 18    God:    Vehumet [......]
Gold:   501        SH:  3    Dex: 10    Spells: 16/25 levels left

rFire    . . .     SeeInvis .   a - +1 club (venom)
rCold    . . .     Gourm    .   (no shield)
rNeg     + . .     Faith    .   c - +0 robe
rPois    ∞         Spirit   .   (no helmet)
rElec    +         Reflect  +   (no cloak)
rCorr    .         Harm     .   (no gloves)
MR       +....                  k - +0 pair of boots
Stlth    ++........             l - +3 amulet of reflection
HPRegen  0.16/turn              p - ring of protection from magic
MPRegen  0.18/turn              (no ring)

@: no status effects
A: negative energy resistance 1, electricity resistance, unbreathing,
petrification resistance, rot immunity, AC +7
a: Renounce Religion


You were on level 9 of the Dungeon.
You worshipped Vehumet.
Vehumet was noncommittal.
You were very hungry.

You visited 2 branches of the dungeon, and saw 10 of its levels.

You collected 501 gold pieces.

Inventory:

Hand Weapons
 a - a +1 club of venom (weapon)
Missiles
 b - 214 stones (quivered)
Armour
 c - a +0 robe (worn)
 k - a +0 pair of boots (worn)
Jewellery
 g - a cursed amulet of inaccuracy {unknown}
 l - a +3 amulet of reflection (around neck)
 p - a ring of protection from magic (left hand)
Scrolls
 j - 3 scrolls of remove curse
 m - 4 scrolls of identify
 s - a scroll of magic mapping
 v - a scroll of fear
 x - a scroll of blinking
Potions
 h - a potion of might
 n - 3 potions of lignification
 o - 3 potions of flight
 q - 5 potions of curing
 r - 8 potions of haste
Books
 e - a book of Geomancy

   Spells                             Type                      Level
   a - Sandblast                      Earth                        1
   b - Passwall                       Transmutation/Earth          2
   c - Stone Arrow                    Conjuration/Earth            3
   d - Petrify                        Transmutation/Earth          4
   e - Lee's Rapid Deconstruction     Earth                        5
 f - a book of Battle

   Spells                             Type                      Level
   a - Infusion                       Charms                       1
   b - Shroud of Golubria             Charms/Translocation         2
   c - Song of Slaying                Charms                       2
   d - Spectral Weapon                Hexes/Charms                 3
   e - Regeneration                   Charms/Necromancy            3
Comestibles
 d - 2 bread rations
 i - 2 royal jellies
 t - 4 meat rations
 u - 8 fruits


   Skills:
 - Level 1.5 Dodging
 - Level 2.1 Stealth
 + Level 8.4 Spellcasting
 + Level 9.4 Conjurations
   Level 0.7 Transmutations
 + Level 11.1 Earth Magic


You had 16 spell levels left.
You knew the following spells:

 Your Spells              Type           Power        Failure   Level  Hunger
a - Sandblast             Erth           #####.       1%          1    None
b - Stone Arrow           Conj/Erth      #####.       1%          3    None
c - Lee's Rapid Deconstr  Erth           #####.....   2%          5    #####..


Dungeon Overview and Level Annotations

Branches:
Dungeon (9/15)             Temple (1/1) D:4
   Lair: D:8-11         Orc: D:9-12

Altars:
Ashenzari
Cheibriados
Dithmenos
Elyvilon
Fedhas
Gozag
Hepliaklqana
Kikubaaqudgha
Makhleb
Nemelex Xobeh
Okawaru
Qazlal
Ru
Sif Muna
Trog
Uskayaw
Vehumet
Wu Jian
Xom
Yredelemnul
Zin
The Shining One

Shops:
D:4 :

Annotations:
D:9 kae's ghost, novice GrEE


Innate Abilities, Weirdness & Mutations

You are resistant to torment.
Your stone body is resilient. (AC +7)
You are immune to poison.
You resist negative energy. (rN+)
You are resistant to electric shocks. (rElec)
You can survive without breathing.
You are immune to petrification.
You are immune to rotting.


Message History

Aim: kae's ghost, wielding a weapon of electrocution (moderately damaged)
The blast of sand hits kae's ghost.
Kae's ghost is moderately damaged.
b - 215 stones Kae's ghost points at you and mumbles some strange words.
The stone arrow hits you!
Ouch! That really hurt!
* * * LOW HITPOINT WARNING * * *
Casting: Sandblast
Confirm with . or Enter, or press ? or * to list all spells.
Aiming: Sandblast
Press: ? - help, Shift-Dir - straight line, f/p - kae's ghost
Aim: kae's ghost, wielding a weapon of electrocution (moderately damaged)
The blast of sand hits kae's ghost.
Kae's ghost is moderately damaged.
b - 214 stones Kae's ghost gestures at you while chanting.
The stone arrow hits you!
Ouch! That really hurt!
You die...

o#........
o........
#.......
#.......
##......#
........#
#.......#
#.....oW#
##.....@#
##...#.#
#####.#
#%# #.#
#.# #..
#..


You could see kae's ghost and an orc.

Vanquished Creatures
  2 two-headed ogres (D:8)
  Pikel (D:6)
  Grinder (D:6)
  2 hippogriffs (D:7)
  A hungry ghost (D:7)
  Menkaure (D:4)
  A water moccasin (D:7)
  An ice beast (D:7)
  3 sky beasts
  A slave (D:6)
  4 ogres
  A big kobold (D:8)
  Blork the orc (D:5)
  2 bullfrogs
  A gnoll sergeant (D:7)
  2 scorpions
  2 water moccasin skeletons
  4 howler monkeys (D:8)
  3 crimson imps
  A bullfrog zombie (D:7)
  3 orc priests (D:7)
  3 bullfrog skeletons
  2 hounds
  2 jellies (D:5)
  A centaur skeleton (D:8)
  5 orc wizards
  2 iguanas
  A worker ant (D:7)
  A hound zombie (D:6)
  A howler monkey zombie (D:5)
  11 gnolls
  2 adders
  A howler monkey skeleton (D:8)
  3 shadow imps (D:7)
  An ooze (D:5)
  An adder skeleton (D:7)
  An adder zombie (D:5)
  2 worms
  2 dart slugs
  4 leopard geckos
  22 orcs
  2 ball pythons (D:1)
  5 bats
  5 giant cockroaches
  8 goblins
  4 hobgoblins
  4 jackals (D:3)
  5 quokkas
  5 frilled lizards
  2 jackal zombies
  6 kobolds
  2 quokka skeletons
  A quokka zombie (D:5)
  11 rats
166 creatures vanquished.

Vanquished Creatures (others)
  A shadow imp (D:6)
1 creature vanquished.

Grand Total: 167 creatures vanquished

Notes
Turn   | Place    | Note
-------+----------+-------------------------------------------
     0 | D:1      | kae the Gargoyle Earth Elementalist began the quest for the Orb.
     0 | D:1      | Reached XP level 1. HP: 10/10 MP: 3/3
   491 | D:1      | Reached skill level 4 in Earth Magic
   491 | D:1      | Reached XP level 2. HP: 5/15 MP: 3/5
  1302 | D:1      | Reached XP level 3. HP: 11/19 MP: 4/6
  1325 | D:1      | Learned a level 3 spell: Stone Arrow
  2075 | D:2      | Found a hazy altar of Hepliaklqana.
  2078 | D:2      | Found a basalt altar of Yredelemnul.
  2081 | D:2      | Found a shimmering altar of Xom.
  2136 | D:2      | Found a faded altar of an unknown god.
  2327 | D:2      | Found a deep blue altar of Sif Muna.
  2783 | D:3      | Reached skill level 1 in Conjurations
  2972 | D:3      | Reached XP level 4. HP: 10/24 MP: 4/8
  3682 | D:3      | Found a hide-covered altar of Uskayaw.
  4560 | D:4      | Found Pecaq's Book Emporium.
  4597 | D:4      | Found an ornate altar of the Wu Jian Council.
  4622 | D:4      | Noticed Menkaure
  4637 | D:4      | Killed Menkaure
  4637 | D:4      | Reached skill level 5 in Earth Magic
  4637 | D:4      | Reached XP level 5. HP: 28/28 MP: 2/10
  4822 | D:4      | Found an opulent altar of Gozag.
  4901 | D:4      | Noticed an ogre
  4905 | D:4      | Killed an ogre
  4905 | D:4      | Reached XP level 6. HP: 32/32 MP: 5/11
  5421 | D:4      | Found a staircase to the Ecumenical Temple.
  5607 | D:5      | Entered Level 5 of the Dungeon
  5663 | D:5      | Reached skill level 6 in Earth Magic
  5920 | D:5      | Noticed a sky beast
  5926 | D:5      | Killed a sky beast
  5926 | D:5      | Reached XP level 7. HP: 36/36 MP: 2/13
  6056 | Temple   | Entered the Ecumenical Temple
  6305 | D:5      | Found an ancient bone altar of Kikubaaqudgha.
  6752 | D:5      | Noticed Blork the orc
  6758 | D:5      | Found a blossoming altar of Fedhas.
  6762 | D:5      | Killed Blork the orc
  6956 | D:6      | Reached skill level 5 in Spellcasting
  6956 | D:6      | Reached skill level 7 in Earth Magic
  7008 | D:6      | Reached skill level 5 in Conjurations
  7008 | D:6      | Reached XP level 8. HP: 41/41 MP: 8/15
  7262 | D:6      | Noticed Pikel
  7273 | D:6      | Killed Pikel
  7273 | D:6      | Reached skill level 8 in Earth Magic
  7540 | D:6      | Noticed Grinder
  7544 | D:6      | Killed Grinder
  7544 | D:6      | Reached XP level 9. HP: 45/45 MP: 9/18
  8008 | D:7      | Reached skill level 9 in Earth Magic
  8235 | D:7      | Learned a level 5 spell: Lee's Rapid Deconstruction
  9181 | D:7      | Reached skill level 10 in Earth Magic
  9185 | D:7      | Found a radiant altar of Vehumet.
  9197 | D:7      | Found a glowing silver altar of Zin.
  9384 | D:7      | Became a worshipper of Vehumet
  9580 | D:8      | Noticed a two-headed ogre
  9583 | D:8      | Reached XP level 10. HP: 30/50 MP: 12/21
  9589 | D:8      | Killed a two-headed ogre
 10186 | D:8      | Noticed a two-headed ogre
 10195 | D:8      | Killed a two-headed ogre
 10195 | D:8      | Reached skill level 11 in Earth Magic
 10632 | D:9      | Noticed kae's ghost (novice GrEE)
 10638 | D:9      | HP: 2/50 [kae's ghost/stone arrow (33)]
 10639 | D:9      | Killed from afar by kae's ghost

Vault maps used:
D:1:      minmay_arrival_five_plusses, grunt_decor_one_mirror, st_stairs_3
D:2:      led_sif_pool, grunt_temple_overflow_diamond,
          chequers_ecumenical_altar_simple
D:3:      eat_drink_and_be_merry_uskayaw, first_bread, minmay_misc_feat_room
D:4:      grunt_gozag_breadcrumbs, old_standard_altar,
          minmay_temple_entry_from_below_a, serial_shops, nicolae_shop_trees,
          uniq_menkaure
D:5:      lemuel_coloured_pillars_altar, kennysheep_mini_moat,
          uniq_blork_the_orc
D:6:      wad_pebble_path, uniq_pikel, uniq_grinder
D:7:      amethyst_overflow_temple_binary
D:8:      kennysheep_blocky_room
D:9:      hiddenorc2_lemuel, serial_shops, shop, serial_curves, eino_curves_02,
          eino_curves_01, eino_curves_04, eino_curves_01
Temple:   jpeg_temple_clearing

Skill      XL: |  1  2  3  4  5  6  7  8  9 10 |
---------------+-------------------------------+-----
Earth Magic    | 4 5 6 7 8 10 11 | 11.1
Conjurations   | 1 2 3 5 6 8 9 |  9.4
Spellcasting   | 3 4 5 6 7 8 |  8.4
Dodging        | |  1.5
Stealth        | |  2.1
Transmutations | |  0.7

Action                   |  1- 3 |  4- 6 |  7- 9 | 10-12 || total
-------------------------+-------+-------+-------+-------++-------
Melee: Club              |   138 |    76 |   203 |    32 ||   449
       Unarmed           |     7 |       |       |       ||     7
 Cast: Sandblast         |    20 |    38 |   102 |    11 ||   171
       Stone Arrow       |     4 |     4 |    32 |    24 ||    64
  Use: Scroll            |       |     9 |     3 |       ||    12
       Potion            |       |     1 |     9 |       ||    10
 Stab: Sleeping          |     4 |     1 |     3 |       ||     8
       Distracted        |       |     1 |       |       ||     1
  Eat: Chunk             |     7 |     8 |    13 |     2 ||    30
       Royal jelly       |       |       |     1 |       ||     1
       Fruit             |       |       |     1 |       ||     1
Armor: Robe              |    56 |    32 |   101 |    18 ||   207
       Skin              |       |       |     8 |       ||     8
Dodge: Dodged            |   131 |    76 |   176 |    26 ||   409
Block: Other             |       |     5 |    27 |     4 ||    36

Table legend:
 A = Spawn XP
 B = Non-spawn XP
 C = Spawn XP percentage of total XP
 D = Spawn monster count
 E = Non-spawn monster count
 F = Spawn count percentage of total count
 G = Total turns spent on level
                    A         B        C        D         E        F      G
               +---------+---------+-------+---------+---------+-------+---------
         Total |       0 |    7080 |   0.0 |       0 |     165 |   0.0 | 10639
               +---------+---------+-------+---------+---------+-------+---------
           D:1 |       0 |      39 |   0.0 |       0 |      24 |   0.0 |  1617
           D:2 |       0 |      17 |   0.0 |       0 |       9 |   0.0 |  1089
           D:3 |       0 |      49 |   0.0 |       0 |      23 |   0.0 |  1770
           D:4 |       0 |     346 |   0.0 |       0 |       9 |   0.0 |  1182
           D:5 |       0 |     637 |   0.0 |       0 |      17 |   0.0 |  1136
           D:6 |       0 |    1422 |   0.0 |       0 |      19 |   0.0 |  1312
           D:7 |       0 |    1831 |   0.0 |       0 |      40 |   0.0 |  1298
           D:8 |       0 |    2739 |   0.0 |       0 |      24 |   0.0 |  1134
               +---------+---------+-------+---------+---------+-------+---------
